[Event "Early-Titled-Tuesday-Blitz-October-03-2023"]
[Site "Chess.com"]
[Date "2023.10.03"]
[Round "10"]
[White "zverr1"]
[Black "ContrVersia"]
[Result "0-1"]
[WhiteElo "2531"]
[BlackElo "2878"]
[TimeControl "180+1"]
[EndTime "9:54:40 PDT"]
[Termination "ContrVersia won on time"]

1. e4 c5 2. Nf3 a6 3. c4 Nc6 4. d4 cxd4 5. Nxd4 e5 6. Nxc6 dxc6 7. Qxd8+ Kxd8 8. Be3 Nf6 9. f3 b5 10. Nc3 Be6 11. a4 bxc4 12. a5 Bb4 13. Ra4 c5 14. Kd1 Rb8 15. Na2 Kc7 16. Kc2 Kc6 17. Nxb4+ Rxb4 18.
Rxb4 cxb4 19. Bb6 Nd7 20. Be3 Nc5 21. Be2 Rd8 22. Ra1 Kb5 23. Rb1 Nb3 24. Rd1 Rxd1 25. Kxd1 Nxa5 26. Kc2 Nc6 27. Bf1 Nd4+ 28. Kd2 a5 29.
Bxd4 exd4 30. f4 f6 31. f5 Bf7 32. g4 a4 33. h4 a3 34. bxa3 bxa3 35. Kc2 Kb4 36.
g5 d3+ 37. Kb1 d2 38. Be2 c3 39. Bd1 Bb3 0-1

[Event "Early-Titled-Tuesday-Blitz-October-03-2023"]
[Site "Chess.com"]
[Date "2023.10.03"]
[Round "10"]
[White "MdChess1734"]
[Black "elmusmolamas"]
[Result "0-1"]
[WhiteElo "2381"]
[BlackElo "2515"]
[TimeControl "180+1"]
[EndTime "9:54:44 PDT"]
[Termination "elmusmolamas won by resignation"]

1. e4 e6 2. d4 d5 3. e5 c5 4. c3 Nc6 5. Nf3 Qb6 6. Bd3 Bd7 7. O-O cxd4 8. Re1 Nge7 9. h4 h6 10. h5 Nf5 11. Bxf5 exf5 12. cxd4 Be6 13. Nc3 Be7 14. Ne2 O-O-O 15. Nf4 Kb8 16. a3 Bg5 17. b4 Rde8 18. Be3 Bxf4 19. Bxf4 g5 20. Be3 f4 21. Bd2 Bg4 22. Bc3 Bxh5 23. a4 g4 24. Nh4 Rhg8 25.
Qd3 g3 26. a5 gxf2+ 27. Kxf2 Qd8 28. b5 Qxh4+ 29. Kf1 0-1

[Event "Early-Titled-Tuesday-Blitz-October-03-2023"]
[Site "Chess.com"]
[Date "2023.10.03"]
[Round "10"]
[White "Kyrie-Eleven"]
[Black "aistrel"]
[Result "1-0"]
[WhiteElo "2310"]
[BlackElo "2518"]
[TimeControl "180+1"]
[EndTime "9:54:49 PDT"]
[Termination "Kyrie-Eleven won by resignation"]

1. d4 f6 2. c4 g6 3. Nc3 Bh6 4. e4 Bxc1 5. Rxc1 d6 6. Nf3 e5 7. Bd3 c5 8. dxc5 dxc5 9. O-O Be6 10. Nd5 Bxd5 11. cxd5 Nh6 12. Bb5+ Ke7 13. Rxc5 Nf7 14. Qe2 b6 15. Rc2 a6 16. Ba4 b5 17. Bb3 Nd7 18.
Rfc1 Nd6 19. a4 Qb6 20. Rc6 Qb7 21. a5 Rhc8 22. Ne1 Nb8 23. Rxc8 Nxc8 24. Nd3 Nd7 25. Qd2 g5 26. Qb4+ Nd6 27. Rc6 Qb8 28. Bd1 Ra7 29. Bg4 Nf8 30. Nc5 Rc7 31. Nxa6 Rxc6 32. dxc6 Qa8 33. c7 Nd7 34. Nb8 f5 35. Bxf5 Qc6 36.
Nxc6+ Kf6 37. Qxd6+ 1-0

[Event "Early-Titled-Tuesday-Blitz-October-03-2023"]
[Site "Chess.com"]
[Date "2023.10.03"]
[Round "10"]
[White "Javylavilla"]
[Black "OchsenfroschGambit"]
[Result "1-0"]
[WhiteElo "2397"]
[BlackElo "2462"]
[TimeControl "180+1"]
[EndTime "9:54:51 PDT"]
[Termination "Javylavilla won by checkmate"]

1. e4 c5 2. Nf3 e6 3. b3 a6 4. Bb2 Nc6 5. d4 cxd4 6. Nxd4 Qf6 7. c3 Bc5 8. Be2 Nge7 9. O-O Ng6 10. Nd2 Nxd4 11.
cxd4 Bxd4 12. Ba3 Bxa1 13. Nc4 Be5 14. f4 Bd4+ 15. Kh1 Ba7 16. e5 Qh4 17. Nd6+ Kd8 18. Nxf7+ Ke8 19. Nxh8 Nxh8 20. Qd6 Ng6 21. Bd3 b5 22.
Bxg6+ hxg6 23. Qf8# 1-0

[Event "Early-Titled-Tuesday-Blitz-October-03-2023"]
[Site "Chess.com"]
[Date "2023.10.03"]
[Round "10"]
[White "arminmusovic"]
[Black "stepanosinovsky"]
[Result "0-1"]
[WhiteElo "2489"]
[BlackElo "2397"]
[TimeControl "180+1"]
[EndTime "9:54:51 PDT"]
[Termination "stepanosinovsky won by resignation"]

1. e4 e5 2. Nf3 Nc6 3. Nc3 Nf6 4. d4 exd4 5. Nd5 d6 6. Bc4 Ne5 7. Qxd4 Nxc4 8. Qxc4 Nxd5 9. exd5 Be7 10. O-O O-O 11.
Re1 Bf6 12. Qb3 b6 13. c4 a5 14. h3 a4 15. Qa3 Bd7 16. Be3 Re8 17. Bd4 h6 18.
Qc3 Bxd4 19. Qxd4 a3 20. b3 Bf5 21. g4 Bg6 22. Rxe8+ Qxe8 23. Re1 Qd7 24. Kg2 Re8 25. Rxe8+ Qxe8 26. Qe3 Qxe3 27. fxe3 Bb1 28. Nd2 Bxa2 29.
Kf2 Bb1 30. Ke2 a2 31. Nxb1 axb1=Q 32. Kf3 0-1

[Event "Early-Titled-Tuesday-Blitz-October-03-2023"]
[Site "Chess.com"]
[Date "2023.10.03"]
[Round "10"]
[White "azikom"]
[Black "Kotofeyca"]
[Result "1-0"]
[WhiteElo "2587"]
[BlackElo "2416"]
[TimeControl "180+1"]
[EndTime "9:54:57 PDT"]
[Termination "azikom won by resignation"]

1. d4 d5 2. Nf3 c6 3. Bf4 Nf6 4.
e3 Bg4 5. h3 Bxf3 6. Qxf3 e6 7. Bd3 Qb6 8. b3 c5 9. c3 cxd4 10.
exd4 Bd6 11. Bg5 Nbd7 12. O-O Rc8 13. Re1 O-O 14. Qd1 Bb8 15. g3 h6 16. Bc1 e5 17.
Bb2 exd4 18. cxd4 Rfe8 19. Nd2 Rxe1+ 20. Qxe1 Re8 21. Qd1 Qe6 22. Kg2 Ne4 23. Nf3 Qd6 24. Ne5 f6 25. Qh5 Re6 26. Qf7+ Kh7 27. Nxd7 Re7 28. Nf8+ Kh8 29. Qxe7 Nxf2 30. Qxd6 1-0

[Event "Early-Titled-Tuesday-Blitz-October-03-2023"]
[Site "Chess.com"]
[Date "2023.10.03"]
[Round "10"]
[White "parintele_chess"]
[Black "LUISMIGUELOV"]
[Result "1-0"]
[WhiteElo "2240"]
[BlackElo "2142"]
[TimeControl "180+1"]
[EndTime "9:55:05 PDT"]
[Termination "parintele_chess won by resignation"]

1. d4 c6 2. c4 d5 3. Nc3 Nf6 4. e3 Bf5 5. Qb3 Qd7 6. Nf3 e6 7. Ne5 Qc7 8. Be2 Nbd7 9. f4 Nxe5 10. fxe5 Ne4 11. O-O Be7 12. cxd5 Nxc3 13. bxc3 cxd5 14. Bb5+ Kf8 15. Be2 h5 16. a4 Rc8 17. a5 Rh6 18. e4 dxe4 19. Bxh6 gxh6 20. Bxh5 Qxc3 21. Qxc3 Rxc3 22.
g4 Rh3 23. gxf5 Rxh5 24. fxe6 Bg5 25. Rxf7+ Kg8 26. Rxb7 e3 27. Rc1 e2 28. Rc8+ 1-0

[Event "Early-Titled-Tuesday-Blitz-October-03-2023"]
[Site "Chess.com"]
[Date "2023.10.03"]
[Round "10"]
[White "cycygogne"]
[Black "Iskusnyh"]
[Result "1-0"]
[WhiteElo "2249"]
[BlackElo "2594"]
[TimeControl "180+1"]
[EndTime "9:55:07 PDT"]
[Termination "cycygogne won by checkmate"]

1. e4 e6 2. d4 d5 3. Nc3 Nf6 4. Bg5 dxe4 5. Nxe4 Nbd7 6. Bxf6 Nxf6 7. Nxf6+ Qxf6 8. Nf3 Bd7 9. Ne5 O-O-O 10. Qd3 Bd6 11. Nxd7 Rxd7 12. O-O-O Rhd8 13. Be2 Qxf2 14. Rhf1 Qh4 15.
c3 e5 16. d5 e4 17. Qd4 Kb8 18. Qxg7 f5 19. Qd4 Qg5+ 20. Kb1 Qxg2 21. Bb5 Rf7 22. Qa4 e3 23. Rfe1 f4 24. Bc6 Qg4 25. Bxb7 Kxb7 26.
Qc6+ Kc8 27. Rd4 Qd7 28. Qa8# 1-0

[Event "Early-Titled-Tuesday-Blitz-October-03-2023"]
[Site "Chess.com"]
[Date "2023.10.03"]
[Round "10"]
[White "MikeSailer"]
[Black "familijatop71"]
[Result "1-0"]
[WhiteElo "2147"]
[BlackElo "2176"]
[TimeControl "180+1"]
[EndTime "9:55:15 PDT"]
[Termination "MikeSailer won by checkmate"]

1. d4 d5 2. Bf4 Nf6 3. Nc3 e6 4. Nb5 Na6 5. a3 c6 6. Nc3 Bd6 7. e3 O-O 8. Nf3 Bxf4 9. exf4 Qd6 10. g3 c5 11. Bg2 cxd4 12. Qxd4 Nc5 13. O-O b6 14.
Ne5 Ba6 15. Rfe1 Rac8 16. Rad1 Rfd8 17. h4 Qb8 18. Bf3 Bb7 19. h5 Nce4 20. h6 g6 21.
Re3 a6 22. g4 b5 23. g5 Nxc3 24. bxc3 Ne8 25. Ng4 e5 26. Rxe5 Rc4 27. Rxe8+ Rxe8 28. Qg7# 1-0

[Event "Early-Titled-Tuesday-Blitz-October-03-2023"]
[Site "Chess.com"]
[Date "2023.10.03"]
[Round "10"]
[White "Balla_Tamas"]
[Black "NovozhilovSemen"]
[Result "0-1"]
[WhiteElo "2457"]
[BlackElo "2598"]
[TimeControl "180+1"]
[EndTime "9:55:17 PDT"]
[Termination "NovozhilovSemen won by resignation"]

1. e4 e6 2. d4 d5 3. Nd2 c5 4.
exd5 exd5 5. Ngf3 Nc6 6. Bb5 Nf6 7. O-O Be7 8. Bxc6+ bxc6 9. dxc5 Bxc5 10. Re1+ Be6 11.
Nb3 Bb6 12. Bg5 O-O 13. c3 h6 14. Bh4 g5 15. Bg3 Ne4 16. Nfd4 Bd7 17. Qh5 Kh7 18.
Rad1 f5 19. h4 g4 20. Bf4 Qf6 21. f3 Be8 22. Qxh6+ Qxh6 23. Bxh6 Kxh6 24. fxe4 fxe4 25. Rf1 Bd7 26. Kh2 Kh5 27. g3 Kg6 28. Ne2 Rf3 29.
Nf4+ Kf5 30. Rxf3 gxf3 31. Nd4+ Bxd4 32. Rxd4 e3 33. Nd3 f2 34. Kg2 Re8 35. Kf3 f1=Q+ 0-1

[Event "Early-Titled-Tuesday-Blitz-October-03-2023"]
[Site "Chess.com"]
[Date "2023.10.03"]
[Round "10"]
[White "lefonghua"]
[Black "Kielinkei"]
[Result "1-0"]
[WhiteElo "2592"]
[BlackElo "2467"]
[TimeControl "180+1"]
[EndTime "9:55:17 PDT"]
[Termination "lefonghua won by resignation"]

1. d4 Nf6 2. c4 e6 3. Nc3 Bb4 4. f3 d5 5. a3 Bxc3+ 6. bxc3 c5 7. cxd5 exd5 8. e3 O-O 9. Bd3 Nc6 10. Ne2 c4 11. Bc2 b5 12. O-O a5 13. Ng3 Rb8 14.
e4 b4 15. axb4 axb4 16. e5 Ne8 17. Bd2 b3 18. Bb1 Bd7 19. f4 Ra8 20. Rxa8 Qxa8 21. f5 f6 22. e6 Bc8 23. Nh5 Ne7 24. Qg4 Kh8 25. Nf4 b2 26. Ng6+ Nxg6 27. fxg6 f5 28.
e7 Rg8 29. Qh4 Nf6 30. Bg5 1-0

[Event "Early-Titled-Tuesday-Blitz-October-03-2023"]
[Site "Chess.com"]
[Date "2023.10.03"]
[Round "10"]
[White "Witty_Alien"]
[Black "DanyKopy"]
[Result "0-1"]
[WhiteElo "2284"]
[BlackElo "2575"]
[TimeControl "180+1"]
[EndTime "9:55:18 PDT"]
[Termination "DanyKopy won on time"]

1. e4 c5 2. Nf3 Nc6 3. d4 cxd4 4. c3 e5 5. Bc4 Nf6 6. O-O Nxe4 7. Re1 d5 8. cxd4 dxc4 9. Rxe4 Be7 10. Nxe5 Nxe5 11.
Rxe5 O-O 12. Nc3 Bf6 13. Rc5 Bxd4 14. Rxc4 Bxc3 15. Qc2 Bf6 16. Bf4 Be6 17. Rd1 Qa5 18.
Ra4 Qf5 19. Qxf5 Bxf5 20. h3 Bc2 0-1

[Event "Early-Titled-Tuesday-Blitz-October-03-2023"]
[Site "Chess.com"]
[Date "2023.10.03"]
[Round "10"]
[White "Fradi82"]
[Black "Herzog2012"]
[Result "0-1"]
[WhiteElo "2330"]
[BlackElo "2500"]
[TimeControl "180+1"]
[EndTime "9:55:19 PDT"]
[Termination "Herzog2012 won by checkmate"]

1. e4 e5 2. Nf3 Nc6 3. Bc4 Bc5 4. d3 Nf6 5. Bg5 d6 6. Nc3 h6 7. Bh4 Na5 8. Bxf6 Qxf6 9. Nd5 Qd8 10. b4 Nxc4 11. bxc5 Na5 12. cxd6 cxd6 13. O-O O-O 14.
Nd2 Be6 15. c4 Bxd5 16. exd5 b6 17. Ne4 Nb7 18. d4 exd4 19. Qxd4 Nc5 20. Nxc5 bxc5 21. Qc3 Rb8 22. Rab1 Qd7 23. Qc2 Qg4 24. h3 Qd4 25. Rfd1 Rxb1 26. Rxb1 Re8 27. Rb7 Re1+ 28. Kh2 g6 29. Rxa7 Qf4+ 30. g3 Qf3 31. Ra8+ Kh7 32. Qb2 Qh1# 0-1

[Event "Early-Titled-Tuesday-Blitz-October-03-2023"]
[Site "Chess.com"]
[Date "2023.10.03"]
[Round "10"]
[White "AnaKuchava"]
[Black "Henryk_S"]
[Result "1-0"]
[WhiteElo "2239"]
[BlackElo "2141"]
[TimeControl "180+1"]
[EndTime "9:55:29 PDT"]
[Termination "AnaKuchava won on time"]

1. d4 d5 2. Nf3 c6 3. c4 e6 4. Qb3 Nf6 5. Bg5 Nbd7 6. e3 h6 7. Bh4 Qb6 8. Nc3 Ne4 9. Nxe4 dxe4 10. Nd2 Bb4 11. Qc2 f5 12. a3 Bf8 13. c5 Qc7 14. Bg3 Qd8 15. Nc4 Nf6 16. Nd6+ Bxd6 17. Bxd6 Kf7 18. Bc4 Nd5 19. O-O g5 20. Rae1 g4 21.
Kh1 h5 22. f3 Nf6 23. fxe4 Kg6 24. exf5+ exf5 25. Bd3 Ne4 26. Bxe4 fxe4 27. Qxe4+ 1-0

[Event "Early-Titled-Tuesday-Blitz-October-03-2023"]
[Site "Chess.com"]
[Date "2023.10.03"]
[Round "10"]
[White "FREDERICKtheMATE"]
[Black "santosalberto1987"]
[Result "1-0"]
[WhiteElo "2602"]
[BlackElo "2493"]
[TimeControl "180+1"]
[EndTime "9:55:32 PDT"]
[Termination "FREDERICKtheMATE won by resignation"]

1. Nf3 d5 2. d4 Nf6 3. g3 e6 4. Bg2 Be7 5. O-O O-O 6. c4 dxc4 7. Ne5 Nc6 8. Nxc6 bxc6 9. Bxc6 Rb8 10. Nc3 Nd5 11. Qa4 Rb6 12. Bxd5 exd5 13. Qxa7 Ba6 14. Bf4 Bd6 15. Nxd5 Rc6 16. Bxd6 Qxd6 17. Nc3 Rb6 18. Na4 Rb4 19. Nc5 Bc8 20. Qa3 Rb8 21. Qc3 Rd8 22.
Rad1 Bh3 23. Rfe1 Qc6 24. f3 Qb5 25. Rd2 h5 26. Rc1 h4 27. Qxc4 Qxc4 28. Rxc4 hxg3 29. hxg3 Rb5 30. a4 Ra5 31. Nb7 1-0

[Event "Early-Titled-Tuesday-Blitz-October-03-2023"]
[Site "Chess.com"]
[Date "2023.10.03"]
[Round "10"]
[White "Markov_Mikhail"]
[Black "Denis_Makhnyov"]
[Result "1-0"]
[WhiteElo "2746"]
[BlackElo "2906"]
[TimeControl "180+1"]
[EndTime "9:55:33 PDT"]
[Termination "Markov_Mikhail won by checkmate"]

1. c4 Nf6 2. Nf3 g6 3. Nc3 d5 4.
cxd5 Nxd5 5. g3 Bg7 6. Bg2 O-O 7. O-O c5 8. d3 Nc6 9. Nxd5 Qxd5 10. Be3 Qh5 11.
Rc1 b6 12. Ng5 Bg4 13. Bxc6 Bxe2 14. Qd2 Rac8 15. Rfe1 Bg4 16. Bg2 h6 17. h3 hxg5 18.
hxg4 Qxg4 19. Bxg5 e6 20. b3 Bd4 21. Qf4 Qxf4 22.
Bxf4 Rfd8 23. Kf1 Rd7 24. Ke2 Bf6 25. Red1 Rcd8 26. Be3 Kg7 27. Rc2 Be5 28. a3 a5 29. b4 axb4 30. axb4 cxb4 31. Rb1 Bc3 32. Bxb6 Rc8 33. Rxb4 Bxb4 34. Rxc8 g5 35. Rc4 Be7 36. Bd4+ Kg6 37. g4 Rd8 38. Bc3 Rb8 39. Rc6 Rb3 40.
Be4+ Kh6 41. Rc7 Bf8 42. Rxf7 Bg7 43. Bxg7# 1-0

[Event "Early-Titled-Tuesday-Blitz-October-03-2023"]
[Site "Chess.com"]
[Date "2023.10.03"]
[Round "10"]
[White "Fore_Man"]
[Black "andrzej"]
[Result "0-1"]
[WhiteElo "2275"]
[BlackElo "2463"]
[TimeControl "180+1"]
[EndTime "9:55:39 PDT"]
[Termination "andrzej won by resignation"]

1. Nf3 d5 2. g3 c5 3. d3 Nc6 4. Bg2 e5 5. Nbd2 Be7 6. c4 d4 7.
O-O h5 8. h4 Nh6 9. Ne4 f6 10.
e3 Be6 11. exd4 cxd4 12. a3 a5 13. Qa4 Qd7 14. b4 Bh3 15. b5 Nb8 16. c5 Bxg2 17.
Kxg2 O-O 18. Qc4+ Kh7 19. Bxh6 Kxh6 20. Rac1 Rc8 21. a4 Qe8 22. Rc2 Nd7 23. Qd5 Rab8 24. Nd6 Bxd6 25. Qxd6 b6 26. c6 Nc5 27. Rxc5 bxc5 28.
Re1 Qg6 29. Re4 c4 30. c7 Rb7 31. b6 cxd3 32. Qc6 Rxb6 33. Qxb6 Qxe4 34. Qe6 Rxc7 35. Qd6 0-1

[Event "Early-Titled-Tuesday-Blitz-October-03-2023"]
[Site "Chess.com"]
[Date "2023.10.03"]
[Round "10"]
[White "JiiHart"]
[Black "EvgenyBurmakin"]
[Result "0-1"]
[WhiteElo "2184"]
[BlackElo "2334"]
[TimeControl "180+1"]
[EndTime "9:55:43 PDT"]
[Termination "EvgenyBurmakin won on time"]

1. e4 c5 2. c3 Nf6 3. e5 Nd5 4. d4 e6 5. Nf3 d6 6. Bd3 Nc6 7. Qe2 cxd4 8. cxd4 Be7 9. a3 Bd7 10. b4 Rc8 11. h4 Nxd4 12. Qb2 Nb3 13. O-O Nxa1 14.
Qxa1 O-O 15. Bb2 dxe5 16. Nxe5 Bf6 17. Re1 Ba4 18. Nc3 Nxc3 19. Bxc3 Bxe5 20. Bxe5 f6 21. Qb1 fxe5 22. Bxh7+ Kh8 23. Qe4 Bc2 24. Qxc2 Rxc2 25.
Bxc2 Qxh4 26. Rxe5 Qxf2+ 27. Kh1 Qf1+ 0-1

[Event "Early-Titled-Tuesday-Blitz-October-03-2023"]
[Site "Chess.com"]
[Date "2023.10.03"]
[Round "10"]
[White "APOKALIPSA13"]
[Black "taleslascando"]
[Result "1-0"]
[WhiteElo "2165"]
[BlackElo "2013"]
[TimeControl "180+1"]
[EndTime "9:55:44 PDT"]
[Termination "APOKALIPSA13 won on time"]

1. e4 e5 2. d4 exd4 3. Qxd4 Nc6 4. Qe3 Nf6 5. Bd2 b6 6. h3 Bc5 7. Qg5 Bxf2+ 8. Kd1 Nxe4 9. Qxg7 Qf6 10. Qxf6 Nxf6 11.
Nf3 Ne4 12. Bd3 Ng3 13. Re1+ Bxe1 14. Bxe1 Nh5 15. Bc3 O-O 16. Ng5 Re8 17. Nxh7 d5 18. g4 f5 19. Ng5 fxg4 20. Bg6 Ng7 21. Bxg7 gxh3 22. Kd2 h2 23. Nc3 Re7 24. Bf6 1-0

[Event "Early-Titled-Tuesday-Blitz-October-03-2023"]
[Site "Chess.com"]
[Date "2023.10.03"]
[Round "10"]
[White "sonicdravise"]
[Black "slorovel"]
[Result "0-1"]
[WhiteElo "2653"]
[BlackElo "2519"]
[TimeControl "180+1"]
[EndTime "9:55:46 PDT"]
[Termination "slorovel won by resignation"]

1. d4 Nf6 2. c4 c5 3. d5 g6 4. Nc3 Bg7 5. e4 O-O 6. Nf3 a6 7. a4 d6 8. h3 Ne8 9. Bd3 e5 10. g4 Kh8 11. Be3 f5 12. gxf5 gxf5 13. exf5 Bxf5 14. Ng5 Qf6 15. Nce4 Qg6 16. h4 h5 17. Qc2 Nd7 18. O-O-O b5 19. b3 bxa4 20. bxa4 Rb8 21. Rdg1 Ndf6 22. Ne6 Ng4 23. Nxf8 Bxf8 24. Bd2 Bh6 25. f3 Bxd2+ 26. Qxd2 Nef6 27. fxg4 Bxe4 28. gxh5 Bxd3 29. Qf2 Rb1+ 30. Kd2 Ne4+ 31. Ke3 Qh6+ 0-1

[Event "Early-Titled-Tuesday-Blitz-October-03-2023"]
[Site "Chess.com"]
[Date "2023.10.03"]
[Round "10"]
[White "VOneChess"]
[Black "Quattroporte300"]
[Result "1-0"]
[WhiteElo "2267"]
[BlackElo "2367"]
[TimeControl "180+1"]
[EndTime "9:55:46 PDT"]
[Termination "VOneChess won by checkmate"]

1. e4 c5 2. Nf3 d6 3. d4 cxd4 4. Nxd4 Nf6 5. Nc3 a6 6. Bg5 Nbd7 7. f4 g6 8. Qf3 Bg7 9. O-O-O Qc7 10. Bd3 b5 11.
Rhe1 Bb7 12. Nd5 Nxd5 13. exd5 Nf6 14. Nc6 Bxc6 15. dxc6 O-O 16. g4 Rac8 17. Bxf6 Bxf6 18. g5 Bg7 19. f5 Be5 20. Be4 Kg7 21. h4 f6 22. h5 fxg5 23. hxg6 h6 24. Rh1 a5 25. Rxh6 Rh8 26. Rdh1 Bf4+ 27. Kb1 Rxh6 28. Rxh6 Kxh6 29. Qh3+ Kg7 30. Qh7+ Kf6 31. Qf7+ Ke5 32. Qd5+ Kf6 33. Qe6+ Kg7 34. Qf7+ Kh6 35. Qh7# 1-0

[Event "Early-Titled-Tuesday-Blitz-October-03-2023"]
[Site "Chess.com"]
[Date "2023.10.03"]
[Round "10"]
[White "chito89"]
[Black "ChessLover0108"]
[Result "1-0"]
[WhiteElo "2828"]
[BlackElo "2921"]
[TimeControl "180+1"]
[EndTime "9:55:47 PDT"]
[Termination "chito89 won on time"]

1. c4 e6 2. g3 d5 3. Bg2 Nf6 4.
Nf3 Be7 5. O-O O-O 6. d4 dxc4 7. Qc2 a6 8. a4 Bd7 9. Rd1 Bc6 10. Nc3 Nbd7 11.
e4 b5 12. d5 exd5 13. e5 b4 14. exf6 Nxf6 15. Ne5 Bb7 16. Nxd5 Bxd5 17. Bxd5 Nxd5 18. Qxc4 c6 19. Nxc6 Nb6 20. Rxd8 Nxc4 21. Nxe7+ Kh8 22. Rxa8 Rxa8 23. b3 Na5 24. Rb1 Re8 25. Nd5 Re1+ 26. Kg2 Nc6 27. Ra1 h6 28. Bb2 Re2 29. Rb1 Rd2 30. Ne3 Kh7 31. Ba1 Rd3 32. Nc4 Ne7 33.
Ne5 Rd2 34. Nxf7 Nd5 35. Ne5 Ra2 36. Bd4 Rd2 37. Nf3 Rc2 38. Re1 Kg6 39. Re6+ Kf7 40. Rxa6 Rd2 41. Nxd2 1-0

[Event "Early-Titled-Tuesday-Blitz-October-03-2023"]
[Site "Chess.com"]
[Date "2023.10.03"]
[Round "10"]
[White "AsaHoffmann"]
[Black "curradogianfigliazzi"]
[Result "1-0"]
[WhiteElo "2385"]
[BlackElo "2262"]
[TimeControl "180+1"]
[EndTime "9:55:49 PDT"]
[Termination "AsaHoffmann won on time"]

1. d4 d5 2. Bg5 f6 3. Bf4 Nc6 4. Nf3 Bg4 5. Nbd2 Nxd4 6. Nxd4 e5 7. h3 Bd7 8. Be3 exd4 9. Bxd4 c5 10. Be3 Bd6 11.
c3 Ne7 12. Nf3 Qb6 13. Qb3 Qc7 14. g3 Nf5 15. Bd2 Be6 16. g4 Ne7 17. Bg2 Kf7 18. Qc2 h5 19. g5 Bf5 20. Qc1 h4 21. O-O Qd7 22. Bf4 Bxh3 23. Bxd6 Bxg2 24. Bxe7 Qg4 25. Nh2 Qh3 26. Bxc5 Be4 27. f3 Qg3+ 28. Kh1 h3 29. Rg1 Qf2 30. fxe4 Qxc5 31. Qf4 dxe4 32. Raf1 1-0

[Event "Early-Titled-Tuesday-Blitz-October-03-2023"]
[Site "Chess.com"]
[Date "2023.10.03"]
[Round "10"]
[White "Vesper2018"]
[Black "vladoboch"]
[Result "0-1"]
[WhiteElo "2572"]
[BlackElo "2435"]
[TimeControl "180+1"]
[EndTime "9:55:54 PDT"]
[Termination "vladoboch won by resignation"]

1. e4 e5 2. Nf3 Nc6 3. Bb5 a6 4. Ba4 Nf6 5. O-O b5 6. Bb3 Bc5 7. c3 Bd6 8. d4 O-O 9. dxe5 Bxe5 10. Nxe5 Nxe5 11. f4 Nc4 12. e5 Ne8 13. Bc2 d6 14. b3 Nb6 15. f5 Nd7 16. exd6 Nxd6 17. Nd2 Nf6 18. Bb2 Re8 19. Qf3 Bb7 20. Qd3 Nde4 21.
Rad1 Qe7 22. Nxe4 Bxe4 23. Qe2 Bxc2 24. Qxc2 Ng4 25. Bc1 Rad8 26. h3 Qc5+ 27. Kh1 Nf2+ 28. Qxf2 Qxf2 29. Rxd8 Qxf1+ 0-1

[Event "Early-Titled-Tuesday-Blitz-October-03-2023"]
[Site "Chess.com"]
[Date "2023.10.03"]
[Round "10"]
[White "hakanazeri2"]
[Black "MidnightFox"]
[Result "1-0"]
[WhiteElo "2602"]
[BlackElo "2488"]
[TimeControl "180+1"]
[EndTime "9:56:00 PDT"]
[Termination "hakanazeri2 won by resignation"]

1. Nf3 g6 2. c4 c5 3. Nc3 Bg7 4.
g3 Nc6 5. Bg2 e6 6. O-O Nge7 7.
a3 O-O 8. Rb1 d5 9. d3 d4 10. Ne4 b6 11. b4 cxb4 12. axb4 Bb7 13. c5 b5 14. Nd6 Rb8 15. Nxb7 Rxb7 16. Bd2 Nd5 17. Qb3 Qd7 18. Ng5 Ra8 19. Ra1 a5 20.
bxa5 b4 21. a6 Rba7 22. Bxd5 Qxd5 23. Qxd5 exd5 24. Rfb1 Rxa6 25. Rxa6 Rxa6 26. Bxb4 Ra2 27. Kf1 Bf8 28. Nf3 Rc2 29. Ne1 Ra2 30. Nf3 Rc2 31. Ba3 Bxc5 32. Bxc5 Rxc5 33. Rb7 h6 34. Rc7 Rc2 35. Ke1 Kg7 36. Kd1 Nb4 37. Rxc2 1-0

[Event "Early-Titled-Tuesday-Blitz-October-03-2023"]
[Site "Chess.com"]
[Date "2023.10.03"]
[Round "10"]
[White "MajorCoast"]
[Black "rachidhuilda"]
[Result "0-1"]
[WhiteElo "2256"]
[BlackElo "2388"]
[TimeControl "180+1"]
[EndTime "9:56:01 PDT"]
[Termination "rachidhuilda won by resignation"]

1. d4 Nf6 2. Nf3 d5 3. c4 c6 4. Nbd2 g6 5. cxd5 cxd5 6. e3 Bg7 7. Bd3 O-O 8. O-O Nc6 9. a3 Bf5 10. Nb3 Bxd3 11. Qxd3 Rc8 12. Nc5 b6 13. Na4 Ne4 14.
Bd2 Nxd2 15. Qxd2 Na5 16. Nc3 Nb3 17. Qd3 Nxa1 18. Rxa1 e6 19. h3 Qd7 20. Ne5 Bxe5 21. dxe5 Qc7 22. e4 Qxe5 23. exd5 exd5 24. Nxd5 Rfd8 25.
Rd1 Kg7 26. Qf3 Rc5 27. Ne3 Rxd1+ 28. Qxd1 Qxb2 29. Qf3 Qe5 30. g3 Rc3 31. Qg4 Rxe3 32. fxe3 Qxe3+ 33. Kg2 Qe5 34. a4 a5 35. h4 h5 36. Qd1 Qb2+ 37. Kh3 b5 38. axb5 Qxb5 39.
Qd4+ Kh7 40. Qf4 Qf5+ 41. Kg2 Qxf4 42. gxf4 a4 0-1

[Event "Early-Titled-Tuesday-Blitz-October-03-2023"]
[Site "Chess.com"]
[Date "2023.10.03"]
[Round "10"]
[White "whiteglovethief"]
[Black "Aleksandar-Topalov"]
[Result "1-0"]
[WhiteElo "2519"]
[BlackElo "2413"]
[TimeControl "180+1"]
[EndTime "9:56:03 PDT"]
[Termination "whiteglovethief won on time"]

1. e4 e6 2. d4 d5 3. Nd2 Nf6 4. Bd3 b6 5. Qe2 dxe4 6. Nxe4 Bb7 7. Nf3 Nbd7 8. Bg5 Be7 9. O-O-O a6 10. h4 Nd5 11. c3 Bxg5+ 12. hxg5 Nf4 13. Qe3 Nxd3+ 14. Qxd3 Qe7 15. Ng3 O-O-O 16. Rxh7 Rxh7 17. Qxh7 Bxf3 18. gxf3 Qxg5+ 19. Kb1 Nf6 20. Qd3 Kb7 21. Ne4 Qf5 22.
a3 Nd5 23. Ka2 Nf4 24. Qf1 Ka7 25. Ka1 Nd5 26. c4 Nf6 27. Qe2 Nh5 28. Nc3 Nf4 29. Qe4 g6 30. d5 exd5 31. Qxf5 gxf5 32. Rd4 Ne6 33. Rxd5 Rxd5 34. Nxd5 Kb7 35. Kb1 c6 36. Ne3 f4 37. Ng2 Kc7 38. Kc2 Kd6 39. Kd3 Ke5 40. b4 c5 41. b5 axb5 42. cxb5 Nd4 43.
a4 Nxf3 44. Kc4 Nd4 45. Ne1 Ke4 46. Nd3 Kf3 47. Nxc5 bxc5 48. a5 1-0

[Event "Early-Titled-Tuesday-Blitz-October-03-2023"]
[Site "Chess.com"]
[Date "2023.10.03"]
[Round "10"]
[White "betta2004"]
[Black "invisible_s0ul"]
[Result "1-0"]
[WhiteElo "2509"]
[BlackElo "2287"]
[TimeControl "180+1"]
[EndTime "9:56:06 PDT"]
[Termination "betta2004 won by checkmate"]

1. d4 Nf6 2. Nc3 d5 3. Bf4 e6 4. Nb5 Na6 5. e3 c6 6. Nc3 Nc7 7. a3 Bd6 8. Nf3 Bxf4 9. exf4 O-O 10. Bd3 Nh5 11. g3 Nf6 12. O-O b6 13. Ne5 c5 14.
Be2 Bb7 15. Bf3 Rc8 16. Ne2 Ba6 17. c3 Nce8 18. Re1 Nd6 19. Kg2 Nfe4 20. dxc5 bxc5 21.
Nc1 f6 22. Ned3 Qb6 23. Rb1 c4 24. Nb4 Qxf2+ 25. Kh1 Nd2 26. Nxa6 Nxb1 27. Rxe6 Nd2 28. Bxd5 Nf7 29. Re2 Qb6 30. Re6 Qf2 31. Re2 Qb6 32.
Qxd2 Qxa6 33. Re7 h6 34. Qe2 Qd6 35. Qe6 Qxe6 36. Bxe6 Rcd8 37. Ne2 Rd1+ 38. Kg2 Rd2 39. Kf3 Rxb2 40. Nd4 Rb6 41. Bxc4 Rd6 42. Nf5 Rc6 43. Bd5 Rxc3+ 44. Kg4 Rc5 45. Be6 Ra5 46. Kh5 Kh8 47. Kg6 Nd8 48. Rxg7 Nxe6 49. Rh7+ Kg8 50. Nxh6# 1-0

[Event "Early-Titled-Tuesday-Blitz-October-03-2023"]
[Site "Chess.com"]
[Date "2023.10.03"]
[Round "10"]
[White "Djager97"]
[Black "Dr_crypt"]
[Result "0-1"]
[WhiteElo "2558"]
[BlackElo "2446"]
[TimeControl "180+1"]
[EndTime "9:56:07 PDT"]
[Termination "Dr_crypt won by resignation"]

1. e4 e5 2. Nf3 Nf6 3. d4 Nxe4 4. Bd3 d5 5. Nxe5 Nd7 6. Nc3 Nxc3 7. bxc3 Nxe5 8. dxe5 Be7 9. O-O O-O 10. Qh5 g6 11. Qe2 Be6 12. Be3 c5 13. c4 d4 14. Bh6 Re8 15. f4 f5 16. h3 Qd7 17. Kh2 Rac8 18.
Rg1 Bf8 19. Bg5 b5 20. Bf6 Qf7 21. g4 bxc4 22. Bxf5 Bg7 23. Bxg7 Kxg7 24. Bxe6 Qxf4+ 25. Kg2 Rxe6 26. Rae1 Rce8 27. Rgf1 Rxe5 28. Qxc4 Qd2+ 29. Rf2 Qxe1 30. Qf7+ Kh6 31. h4 Qe4+ 32. Kh2 R5e7 33. g5+ Kh5 34. Qc4 Qxh4+ 0-1